 Dungeon Crawl Stone Soup version 0.22.1-1-ga44c0e5 (webtiles) character file.

52136 CynicalElephant the Bludgeoner (level 14, -12/108 HPs)
             Began as a Demonspawn Fighter on Oct 18, 2018.
             Was a Priest of Fedhas.
             Mangled by Saint Roka
             ... wielding a +2 battleaxe
              (31 damage)
             ... on level 1 of the Orcish Mines.
             The game lasted 01:32:38 (23594 turns).

CynicalElephant the Bludgeoner (DsFi)              Turns: 23594, Time: 01:32:39

Health: -12/108    AC: 23    Str: 26    XL:     14   Next: 26%
Magic:  20/20      EV:  6    Int: 13    God:    Fedhas [***...]
Gold:   1531       SH: 12    Dex: 12    Spells: 13/13 levels left

rFire    + . .     SeeInvis .   X - +4 eveningstar (venom)
rCold    + + .     Gourm    .   c - +0 shield
rNeg     . . .     Faith    .   e - +1 plate armour
rPois    .         Spirit   .   M - +0 hat
rElec    .         Reflect  .   I - +0 cloak
rCorr    .         Harm     .   d - +0 pair of gloves
MR       +....                  r - +0 pair of boots
Stlth    ..........             C - amulet of regeneration
HPRegen  0.68/turn              z - ring of protection from fire
MPRegen  0.17/turn              q - ring of protection from cold

@: mighty, silence
A: antennae 1, talons 1, thin metallic scales 2, clever 1, cold resistance 1,
demonic guardian 1, shaggy fur 1, freezing cloud immunity
a: Renounce Religion


You were on level 1 of the Orcish Mines.
You worshipped Fedhas.
Fedhas was most pleased with you.
You were not hungry.

You visited 4 branches of the dungeon, and saw 21 of its levels.

You collected 1981 gold pieces.
You spent 450 gold pieces at shops.

Inventory:

Hand Weapons
 n - the +5 trident of Bopp {flame, MR+ Dex+3}
   (You found it on level 12 of the Dungeon)

   It has been specially enchanted to burn those struck by it, causing extra
   injury to most foes and up to half again as much damage against particularly
   susceptible opponents.
   It affects your dexterity (+3).
   It affects your resistance to hostile enchantments.
 x - a +5 broad axe of freezing
 X - a +4 eveningstar of venom (weapon)
Missiles
 h - 27 tomahawks
 B - 4 javelins (quivered)
Armour
 c - a +0 shield (worn)
 d - a +0 pair of gloves (worn)
 e - a +1 plate armour (worn)
 r - a +0 pair of boots (worn)
 H - a scarf of cloud immunity
 I - a +0 cloak (worn)
 J - +0 fire dragon scales
 M - a +0 hat (worn)
 T - +0 ice dragon scales
Jewellery
 q - a ring of protection from cold (right hand)
 s - an uncursed ring of resist corrosion
 y - an uncursed ring of positive energy
 z - a ring of protection from fire (left hand)
 C - an amulet of regeneration (around neck)
 P - an uncursed ring of positive energy
 Y - an uncursed ring of fire
Wands
 v - a wand of iceblast (10)
 Q - a wand of acid (27)
 U - a wand of digging (23)
 V - a wand of disintegration (41)
Scrolls
 b - a scroll of identify
 g - 12 scrolls of remove curse
 i - 2 scrolls of immolation {unknown}
 j - 9 scrolls of teleportation
 l - 6 scrolls of enchant armour
 u - a scroll of magic mapping {unknown}
 w - 3 scrolls of blinking
 F - a scroll of enchant weapon
 N - a scroll of holy word {unknown}
 S - 3 scrolls of fog {unknown}
 W - a scroll of acquirement {unknown}
Potions
 a - 3 potions of brilliance
 k - 2 potions of heal wounds
 m - 2 potions of curing
 o - 2 potions of berserk rage
 p - a potion of cancellation
 A - 3 potions of lignification
 D - 3 potions of might
 G - 2 potions of ambrosia
 K - 7 potions of flight
 L - 3 potions of resistance
 O - 2 potions of haste
 R - a potion of mutation
Miscellaneous
 E - a phial of floods
 Z - a sack of spiders
Comestibles
 f - 2 rations


   Skills:
 + Level 9.4 Fighting
 - Level 3.7(11.0) Axes
 * Level 15.5(15.6) Maces & Flails
 - Level 1.0 Throwing
 + Level 9.4 Armour
 - Level 0.7 Stealth
 + Level 9.8 Shields
 * Level 8.3 Invocations


You had 13 spell levels left.
You didn't know any spells.
Your spell library contained the following spells:

 Spells                   Type           Power        Failure   Level  Hunger
 Confusing Touch          Hex            #.....       99%         1    ##.....
 Flame Tongue             Conj/Fire      #....        99%         1    ##.....
 Infusion                 Chrm           #...         99%         1    ##.....
 Magic Dart               Conj           #...         99%         1    ##.....
 Summon Small Mammal      Summ           #...         99%         1    ##.....
 Blink                    Tloc           N/A          100%        2    ###....
 Call Imp                 Summ           #.......     100%        2    ###....
 Shroud of Golubria       Chrm/Tloc      #.........   100%        2    ###....
 Slow                     Hex            #.......     100%        2    ###....
 Song of Slaying          Chrm           #.......     100%        2    ###....
 Call Canine Familiar     Summ           #.......     100%        3    ####...
 Confuse                  Hex            #.......     100%        3    ####...
 Conjure Flame            Conj/Fire      #.......     100%        3    ####...
 Gell's Gravitas          Tloc           #.........   100%        3    ####...
 Mephitic Cloud           Conj/Pois/Air  #.......     100%        3    ####...
 Regeneration             Chrm/Necr      #.........   100%        3    ####...
 Spectral Weapon          Hex/Chrm       #.......     100%        3    ####...
 Summon Guardian Golem    Hex/Summ       #.......     100%        3    ####...
 Cause Fear               Hex            #.........   100%        4    #####..
 Petrify                  Tmut/Erth      #.......     100%        4    #####..
 Summon Ice Beast         Ice/Summ       #.......     100%        4    #####..
 Summon Lightning Spire   Summ/Air       #.......     100%        4    #####..
 Irradiate                Conj/Tmut      #.........   100%        5    ######.
 Metabolic Englaciation   Hex/Ice        #.........   100%        5    ######.
 Yara's Violent Unravell  Hex/Tmut       #.........   100%        5    ######.
 Bolt of Fire             Conj/Fire      #.........   100%        6    #######
 Hydra Form               Tmut           #.........   100%        6    #######
 Statue Form              Tmut/Erth      #........    100%        6    #######
 Dragon Form              Tmut           #.........   100%        7    #######
 Dragon's Call            Summ           #.........   100%        9    #######


Dungeon Overview and Level Annotations

Branches:
Dungeon (12/15)            Temple (1/1) D:6            Lair (6/6) D:9
 Shoals (0/4) Lair:4        Snake (0/4) Lair:4        Slime (0/5) Lair:6
    Orc (2/2) D:9
    Elf: Orc:2

Altars:
Ashenzari
Cheibriados
Elyvilon
Fedhas
Gozag
Hepliaklqana
Nemelex Xobeh
Okawaru
Qazlal
Sif Muna
Uskayaw
Vehumet
Xom
The Shining One
Beogh

Shops:
D:8 ?   D:11 (((   Orc:2 :

Annotations:
D:7 3 runed doors, DCrawler215's ghost, novice DsFE
D:8 3 runed doors, Larett's ghost, novice MiBe
Orc:1 Saint Roka


Innate Abilities, Weirdness & Mutations

You have a pair of small antennae on your head.
You are mostly covered in thin metallic scales. (AC +3)
Your flesh is cold resistant. (rC+)
A weak demonic guardian rushes to your aid.
You are immune to freezing clouds.
You have sharp toenails.
Your mind is acute. (Int +2)
You are covered in fur. (AC +1)


Message History

* * * LOW HITPOINT WARNING * * *
You puncture Saint Roka!
Saint Roka looks as sick as possible!
Saint Roka is heavily wounded.
You block the orc's attack.
You barely miss Saint Roka.
Saint Roka is heavily wounded.
Saint Roka mumbles some strange prayers to Beogh against you.
Beogh smites you!
* * * LOW HITPOINT WARNING * * *
You sock Saint Roka!
Saint Roka is heavily wounded.
You block the orc's attack.
Saint Roka roars a battlecry!
The orc goes into a battle-frenzy!
You barely miss Saint Roka.
Saint Roka is heavily wounded.
The orc hits you but does no damage.
Saint Roka hits you with an enchanted battleaxe!!
You die...
Fedhas appreciates your contribution to the ecosystem.

##...##......####f.....#
#####........#..## ##....##
##.#.#............###...#####
#.................#......##.##
##.#.........................#
#####......................##
#......................#
##.#...o...............##
######
####..o@...............#
#.#..##
##...[...#..##.........##
......#
#.....)5[............###
.....#####..................##
#....#.##....#..#.###.......#
##..#....#....#######...)[.###
.#...#....##.## #...#))...##
..#f.#.....### #...##.<...##
..........## ##.#####....#


You could see Saint Roka, an orc and a friendly white imp.

Vanquished Creatures
  Nessos (Orc:2)
  The ghost of Kuaf the Nimble, a journeyman MfSk of Okawaru (Lair:2)
  Fannar (Lair:1)
  A fire dragon (Lair:6)
  4 hydras
  3 catoblepae (Lair:6)
  A centaur warrior (D:12)
  2 two-headed ogres
  Urug (D:11)
  4 death yaks (Lair:5)
  Nergalle (D:11)
  An unseen horror (D:12)
  A lindwurm (Lair:6)
  2 cyclopes (D:12)
  A manticore (D:11)
  An ugly thing (D:11)
  4 black mambas
  2 molten gargoyles
  7 spiny frogs
  The ghost of popps the Chiller, a novice DsIE (D:5)
  3 rime drakes
  2 gargoyles (D:12)
  6 komodo dragons (Lair:6)
  2 kobold demonologists (D:11)
  3 trolls
  A polar bear (Lair:5)
  A hornet (D:11)
  8 hippogriffs
  5 dream sheep
  13 blink frogs
  Sigmund (D:2)
  5 wraiths
  5 wyverns
  2 basilisks
  2 steam dragons (Lair:6)
  A hungry ghost (D:8)
  28 yaks
  Grum (D:11)
  2 wargs
  Edmund (D:4)
  3 nagas (Lair:4)
  8 water moccasins
  4 hell hounds (Lair:6)
  6 porcupines
  3 sky beasts
  Duvessa (D:7)
  5 black bears
  19 orc warriors
  9 ice beasts
  An eye of draining (D:9)
  2 phantoms
  11 ogres
  3 wolves (D:11)
  4 centaurs
  7 crocodiles
  5 big kobolds
  13 bullfrogs
  A wyvern zombie (D:7)
  Dowan (D:7)
  4 scorpions
  A wyvern skeleton (D:7)
  A water moccasin skeleton (D:4)
  7 killer bees
  4 electric eels
  4 howler monkeys
  A centaur zombie (D:7)
  A quasit (D:11)
  A bullfrog zombie (D:5)
  4 lava snakes (Lair:6)
  3 crimson imps
  A hound (D:5)
  3 jellies
  13 orc priests
  3 centaur skeletons
  2 iguanas (D:11)
  13 orc wizards
  Ijyb (D:5)
  2 bullfrog skeletons
  11 worker ants
  A hound zombie (D:5)
  2 hound skeletons
  A howler monkey zombie (D:8)
  Robin (D:4)
  13 adders
  2 shadow imps
  2 oozes
  An adder zombie (D:5)
  4 worms
  A dart slug (D:3)
  6 leopard geckos
  46 orcs
  A ball python (D:4)
  5 giant cockroaches
  15 goblins
  12 hobgoblins
  20 jackals
  28 kobolds
  8 quokkas
  5 bats
  3 frilled lizards
  3 leopard gecko skeletons
  9 rats
507 creatures vanquished.

Vanquished Creatures (collateral kills)
  Josephine (Orc:2)
  4 hydras
  A death yak (Lair:5)
  Sonja (Lair:1)
  An ugly thing (D:12)
  2 black mambas
  Psyche (D:10)
  A molten gargoyle (Lair:6)
  A spiny frog (Lair:6)
  A rime drake (Lair:6)
  A komodo dragon (Lair:3)
  6 blink frogs
  A hippogriff (Lair:5)
  11 yaks
  A wraith (Orc:2)
  A wyvern (Lair:6)
  A basilisk (Lair:6)
  2 water moccasins
  A hell hound (Lair:6)
  3 porcupines
  An orc warrior (Orc:2)
  A black bear (D:11)
  An ice beast (Lair:1)
  A sky beast (D:11)
  An ogre (D:10)
  A centaur (D:10)
  2 crocodiles
  5 bullfrogs
  A killer bee (D:10)
  2 howler monkeys
  A lava snake (Lair:6)
  A hound (D:10)
  5 orc wizards
  An iguana (D:11)
  A worker ant (D:10)
  A shadow imp (D:10)
  13 orcs
  A goblin (D:9)
  A jackal (D:7)
  9 kobolds
92 creatures vanquished.

Vanquished Creatures (others)
  Erolcha (Orc:2)
  2 oklob plants
  25 wandering mushrooms
  A necrophage (D:12)
  A worker ant zombie (D:10)
  14 fungi
  A plant (D:11)
  457 toadstools
502 creatures vanquished.

Grand Total: 1101 creatures vanquished

Notes
Turn   | Place    | Note
-------+----------+-------------------------------------------
     0 | D:1      | CynicalElephant the Demonspawn Fighter began the quest for
                  | the Orb.
     0 | D:1      | Reached XP level 1. HP: 18/18 MP: 1/1
    43 | D:1      | Reached skill level 2 in Maces & Flails
   223 | D:1      | Gained mutation: You are partially covered in thin metallic
                  | scales. (AC +2) [demonic ancestry]
   223 | D:1      | Reached XP level 2. HP: 23/24 MP: 2/2
   701 | D:1      | Reached XP level 3. HP: 29/29 MP: 3/3
  1046 | D:2      | Reached XP level 4. HP: 25/35 MP: 4/4
  1171 | D:2      | Noticed Sigmund
  1621 | D:3      | Reached skill level 3 in Maces & Flails
  2093 | D:4      | Noticed an ogre
  2098 | D:4      | Killed an ogre
  2098 | D:4      | Reached skill level 1 in Axes
  2098 | D:4      | Gained mutation: You are mostly covered in thin metallic
                  | scales. (AC +3) [demonic ancestry]
  2098 | D:4      | Reached XP level 5. HP: 28/42 MP: 5/5
  2154 | D:4      | Noticed Edmund
  2167 | D:5      | Entered Level 5 of the Dungeon
  2181 | D:5      | Reached XP level 6. HP: 14/48 MP: 6/6
  2408 | D:4      | Killed Edmund
  2686 | D:2      | Killed Sigmund
  2686 | D:2      | Gained mutation: Your flesh is cold resistant. (rC+)
                  | [demonic ancestry]
  2686 | D:2      | Reached XP level 7. HP: 18/55 MP: 7/7
  3021 | D:2      | Found a radiant altar of Vehumet.
  3322 | D:4      | Noticed Robin
  3339 | D:4      | Killed Robin
  3339 | D:4      | Reached skill level 4 in Maces & Flails
  3626 | D:4      | Found an iron altar of Okawaru.
  3851 | D:5      | Found an opulent altar of Gozag.
  3937 | D:5      | Found a shadowy altar of Dithmenos.
  3940 | D:5      | Found a snail-covered altar of Cheibriados.
  3940 | D:5      | Found a shimmering altar of Xom.
  3948 | D:5      | Found a white marble altar of Elyvilon.
  3948 | D:5      | Found an opulent altar of Gozag.
  3948 | D:5      | Found a hazy altar of Hepliaklqana.
  3997 | D:5      | Noticed Ijyb
  4004 | D:5      | Paralysed by Ijyb for 6 turns
  4017 | D:5      | Killed Ijyb
  4028 | D:5      | Reached skill level 5 in Maces & Flails
  4233 | D:5      | Reached XP level 8. HP: 48/61 MP: 8/8
  4518 | D:5      | Found a runed gate.
  4518 | D:5      | Found a runed gate.
  4520 | D:5      | Found a runed gate.
  4527 | D:5      | Noticed popps's ghost (novice DsIE)
  4574 | D:5      | Killed popps's ghost
  4574 | D:5      | Reached skill level 6 in Maces & Flails
  4574 | D:5      | Reached skill level 5 in Shields
  4834 | D:6      | Found a staircase to the Ecumenical Temple.
  4855 | Temple   | Entered the Ecumenical Temple
  4880 | Temple   | Became a worshipper of Fedhas Madash
  5193 | D:6      | Reached skill level 5 in Fighting
  5422 | D:6      | Reached skill level 7 in Maces & Flails
  5775 | D:7      | Noticed Dowan
  5776 | D:7      | Noticed Duvessa
  5802 | D:7      | Killed Duvessa
  5811 | D:7      | Killed Dowan
  5811 | D:7      | Reached skill level 5 in Armour
  5842 | D:7      | Gained mutation: A weak demonic guardian rushes to your
                  | aid. [demonic ancestry]
  5842 | D:7      | Reached XP level 9. HP: 68/68 MP: 9/9
  5928 | D:7      | Found a hazy altar of Hepliaklqana.
  5928 | D:7      | Found a snail-covered altar of Cheibriados.
  6084 | D:7      | Found a blossoming altar of Fedhas.
  6235 | D:7      | Reached * piety under Fedhas
  6252 | D:7      | Noticed DCrawler215's ghost (novice DsFE)
  6254 | D:7      | Found a runed gate.
  6254 | D:7      | Found a runed gate.
  6254 | D:7      | Found a runed gate.
  6261 | D:7      | Reached skill level 8 in Maces & Flails
  6581 | D:8      | Found a runed gate.
  6583 | D:8      | Found a runed gate.
  6583 | D:8      | Found a runed gate.
  6612 | D:8      | Noticed Larett's ghost (novice MiBe)
  7556 | D:8      | Reached skill level 9 in Maces & Flails
  7625 | D:8      | Found Kunad's Magic Scroll Shoppe.
  8217 | D:9      | Reached XP level 10. HP: 70/74 MP: 10/10
  8406 | D:9      | Reached ** piety under Fedhas
  8492 | D:9      | Found a staircase to the Lair.
  8866 | D:9      | Found a staircase to the Orcish Mines.
  9080 | D:9      | Reached skill level 10 in Maces & Flails
  9120 | D:9      | Noticed a two-headed ogre
  9130 | D:9      | Killed a two-headed ogre
  9363 | D:10     | Entered Level 10 of the Dungeon
  9365 | D:10     | Noticed a two-headed ogre
  9370 | D:10     | Noticed Psyche
  9390 | D:10     | Killed a two-headed ogre
  9390 | D:10     | Reached skill level 11 in Maces & Flails
  9398 | D:10     | Killed Psyche
  9841 | D:10     | Gained mutation: You are immune to freezing clouds.
                  | [demonic ancestry]
  9841 | D:10     | Reached XP level 11. HP: 81/82 MP: 11/11
  9926 | D:10     | Reached skill level 1 in Invocations
 10217 | D:11     | Reached *** piety under Fedhas
 10219 | D:11     | Noticed an eight-headed hydra
 10231 | D:11     | Killed an eight-headed hydra
 10401 | D:11     | Reached skill level 1 in Throwing
 10474 | D:11     | Noticed a purple ugly thing
 10503 | D:11     | Killed a purple ugly thing
 10584 | D:11     | Noticed Nergalle
 10613 | D:11     | Killed Nergalle
 10613 | D:11     | Reached skill level 12 in Maces & Flails
 10886 | D:12     | Noticed a centaur warrior
 11177 | D:11     | Found Akott's Antique Weapon Shoppe.
 11234 | D:11     | Noticed Urug
 11288 | D:11     | Killed Urug
 11379 | D:11     | Found a glowing golden altar of the Shining One.
 11379 | D:11     | Noticed Grum
 11394 | D:11     | Killed Grum
 11472 | D:11     | Noticed a soul eater
 11717 | D:11     | Found Ugyduryck's Antique Weapon Emporium.
 11776 | D:11     | Bought a glowing eveningstar for 450 gold pieces
 11898 | D:11     | Found Jel Puy's Weapon Shop.
 11950 | D:12     | Reached **** piety under Fedhas
 11953 | D:12     | Gained mutation: You have a pair of small antennae on your
                  | head. [demonic ancestry]
 11953 | D:12     | Reached XP level 12. HP: 89/91 MP: 13/13
 12063 | D:12     | Killed a centaur warrior
 12675 | D:12     | Got a dazzling trident
 12676 | D:12     | Identified the +5 trident of Bopp {flame, MR+ Dex+3} (You
                  | found it on level 12 of the Dungeon)
 12797 | D:12     | Reached skill level 13 in Maces & Flails
 14174 | Lair:1   | Entered Level 1 of the Lair of Beasts
 14222 | Lair:1   | Gained mutation: You are covered in fur. (AC +1) [potion of
                  | mutation]
 14222 | Lair:1   | Gained mutation: You have sharp toenails. [potion of
                  | mutation]
 14222 | Lair:1   | Gained mutation: Your mind is acute. (Int +2) [potion of
                  | mutation]
 14376 | Lair:1   | Noticed Sonja
 14378 | Lair:1   | Noticed a five-headed hydra
 14378 | Lair:1   | Killed Sonja
 14389 | Lair:1   | Killed a five-headed hydra
 14646 | Lair:1   | Noticed Fannar
 14666 | Lair:1   | Killed Fannar
 15711 | Lair:2   | Reached skill level 5 in Invocations
 15890 | Lair:2   | Found a runed door.
 15891 | Lair:2   | Noticed Kuaf's ghost (journeyman MfSk)
 15920 | Lair:2   | You fall through a shaft for 2 floors!
 15972 | Lair:4   | Reached XP level 13. HP: 83/98 MP: 16/16
 16005 | Lair:4   | Found a staircase to the Snake Pit.
 16075 | Lair:4   | Reached skill level 14 in Maces & Flails
 16296 | Lair:2   | Killed Kuaf's ghost
 17522 | Lair:4   | Found a staircase to the Shoals.
 19941 | Lair:6   | Entered Level 6 of the Lair of Beasts
 20085 | Lair:6   | Found a staircase to the Slime Pits.
 20876 | Lair:6   | Reached skill level 15 in Maces & Flails
 21469 | Lair:6   | Reached XP level 14. HP: 96/108 MP: 19/19
 21675 | Lair:6   | Found a large runed door.
 21676 | Lair:6   | Found a large runed door.
 22376 | Orc:1    | Entered Level 1 of the Orcish Mines
 22771 | Orc:2    | Entered Level 2 of the Orcish Mines
 22885 | Orc:2    | Found a roughly hewn altar of Beogh.
 22911 | Orc:2    | Found Kerizobb's Book Shop.
 22955 | Orc:2    | Noticed Erolcha
 22969 | Orc:2    | Noticed Josephine
 22974 | Orc:2    | Killed Erolcha
 22984 | Orc:2    | Killed Josephine
 23094 | Orc:2    | Noticed Nessos
 23108 | Orc:2    | Killed Nessos
 23282 | Orc:2    | Found a roughly hewn altar of Beogh.
 23328 | Orc:2    | Noticed Saint Roka
 23594 | Orc:1    | Mangled by Saint Roka

Skill      XL: |  1  2  3  4  5  6  7  8  9 10 11 12 13 14 |
---------------+-------------------------------------------+-----
Maces & Flails | 2 3 5 7 9 11 12 13 15 | 15.5
Armour         | 3 4 5 6 7 8 9 |  9.4
Shields        | 3 4 5 6 7 8 9 |  9.8
Axes           | 1 2 3 |  3.7
Fighting       | 4 5 6 7 8 9 |  9.4
Invocations    | 1 5 7 8 |  8.3
Throwing       | 1 |  1.0
Stealth        | |  0.7

Action                   |  1- 3 |  4- 6 |  7- 9 | 10-12 | 13-15 || total
-------------------------+-------+-------+-------+-------+-------++-------
Melee: Flail             |   139 |   109 |   580 |   550 |       ||  1378
       War axe           |       |    48 |       |       |       ||    48
       Broad axe         |       |       |       |    42 |       ||    42
       Eveningstar       |       |       |       |   282 |   552 ||   834
 Fire: Blowgun           |       |       |       |       |     5 ||     5
Throw: Tomahawk          |       |       |    10 |     3 |       ||    13
       Javelin           |       |       |       |     5 |    11 ||    16
Invok: Fungal Bloom      |       |       |    18 |    71 |    49 ||   138
       Evolution         |       |       |       |    17 |    18 ||    35
       Sunlight          |       |       |       |     5 |     9 ||    14
       Growth            |       |       |       |     1 |       ||     1
Evoke: Sack of spiders   |       |       |       |       |     2 ||     2
  Use: Scroll            |       |     3 |    11 |     6 |     6 ||    26
       Potion            |       |     1 |       |     2 |     2 ||     5
 Stab: Distracted        |       |       |     1 |     6 |     3 ||    10
       Confused          |       |       |       |     3 |    10 ||    13
       Petrified         |       |       |       |       |     1 ||     1
  Eat: Chunk             |     1 |     2 |     6 |     2 |     1 ||    12
       Ration            |       |     1 |     4 |     8 |     7 ||    20
Armor: Scale mail        |    12 |       |       |       |       ||    12
       Plate armour      |   109 |    92 |   482 |   513 |   304 ||  1500
Dodge: Dodged            |    16 |    11 |    84 |   123 |    95 ||   329
Block: Shield            |    96 |    79 |   379 |   432 |   277 ||  1263
